Cogmind - Beta 16 @@@ ROGUE MODE // 2025.11.07 @ 17:15:29 Player: jumpy Result: Destroyed by G-47 Trooper with Particle Gun Performance ------------- Evolutions (1) 500 Regions Visited (5) 1000 Robots Destroyed (45) 225 Value Destroyed (962) 962 Prototype IDs (25) 500 Alien Tech Used (0) 0 Bonus (300) 300 TOTAL SCORE: 3487 Bonus ------- Aligned with FarCom 300 Cogmind --------- Core Integrity 0/400 Matter 254/300 Energy 65/100 System Corruption 4% Temperature Hot (202) Movement Core (300) Ox5 Location -8/Mines Parts ------- > --- POWER (1) -------- (None) > --- PROPULSION (2) --- (None) > --- UTILITY (3) ------ Medium Storage Unit Melee Analysis Suite > --- WEAPON (3) ------- Spread Laser Axe > --- INVENTORY (10) --- Cooled Ion Engine Aluminum Leg Aluminum Leg High-capacity Storage Unit Improved Terrain Scanner 0b10 Alert Chip Trap Reconfigurator Rocket Launcher Peak State ------------ > --- POWER ------------ Heavy Ion Engine > --- PROPULSION ------- Aluminum Leg Improved Aluminum Leg > --- UTILITY ---------- Medium Storage Unit Melee Analysis Suite Melee Analysis Suite > --- WEAPON ----------- Katana Axe Axe > --- INVENTORY -------- Cooled Ion Engine Nuclear Core Aluminum Leg Aluminum Leg Aluminum Leg Improved Terrain Scanner Seismic Detector Spread Laser Spread Laser Mining Laser [Rating: 23] Favorites ----------- Power Heavy Ion Engine Engine Heavy Ion Engine Power Core Nuclear Core Propulsion Aluminum Leg Leg Aluminum Leg Utility Melee Analysis Suite Device Seismic Detector Storage Medium Storage Unit Processor Melee Analysis Suite Protection Core Shielding Weapon Axe Energy Gun Spread Laser Ballistic Gun Light Assault Rifle Launcher Rocket Launcher Slashing Weapon Axe Build | -11 -10 -9 -9 -9 -8 ------- Run | Yrd Mat Mat Min Exi Min Slots Evolved 2 | . . 2 . . . Power . | . . . . . . Propulsion . | . . . . . . Utility 1 | . . 1 . . . Weapon 1 | . . 1 . . . Parts Attached 36 | 9 3 16 7 . 1 Power 8 | 2 . 5 1 . . Engine 6 | 2 . 4 . . . Core 2 | . . 1 1 . . Reactor . | . . . . . . Propulsion 11 | 2 2 4 3 . . Treads . | . . . . . . Leg 11 | 2 2 4 3 . . Wheel . | . . . . . . Hover . | . . . . . . Flight . | . . . . . . Utility 7 | 2 1 3 1 . . Device 2 | 1 . . 1 . . Storage 2 | 1 1 . . . . Processor 2 | . . 2 . . . Hackware . | . . . . . . Protection 1 | . . 1 . . . Artifact . | . . . . . . Weapon 10 | 3 . 4 2 . 1 Energy Gun 3 | 1 . . 1 . 1 Energy Cannon . | . . . . . . Ballistic Gun 2 | 2 . . . . . Ballistic Cannon . | . . . . . . Launcher 1 | . . . 1 . . Special Weapon . | . . . . . . Impact Weapon . | . . . . . . Slashing Weapon 4 | . . 4 . . . Piercing Weapon . | . . . . . . Special Melee Weapon . | . . . . . . Unidentified Prototypes 2 | . . 2 . . . Parts Lost 10 | . . 2 3 . 5 Power 1 | . . . . . 1 Propulsion 4 | . . 1 1 . 2 Utility 2 | . . 1 1 . . Weapon 3 | . . . 1 . 2 Highest Loss Streak 5 | . . 2 2 . 5 To Critical Strikes 1 | . . . . . 1 Average Backups 7 | 3 7 10 8 7 8 Power 1 | . 1 1 1 1 1 Propulsion 2 | 1 2 3 2 2 2 Utility 2 | . 2 2 1 2 4 Weapon 1 | . 1 1 2 2 1 Tool/Special . | . . . . . . Unused Backups 14 | . . 6 1 . 7 Power 2 | . . 1 . . 1 Propulsion 6 | . . 4 . . 2 Utility 5 | . . 1 . . 4 Weapon 1 | . . . 1 . . Tool/Special . | . . . . . . Average Slot Usage (%) 92 | . 100 89 96 88 62 Engine 7 | . 14 9 7 . . Core 3 | . . 1 3 11 7 Leg 22 | . 28 21 21 22 11 Device 3 | . 14 1 2 . . Storage 11 | . 14 11 11 11 11 Processor 11 | . . 12 17 11 11 Energy Gun 3 | . . . 3 10 7 Ballistic Gun 5 | . 28 1 . . . Slashing Weapon 22 | . . 30 27 22 14 Peak Build Rating 23 | 7 8 23 23 19 19 Average Rating 16 | 6 7 19 21 18 13 On Entrance 12 | . 7 8 23 18 19 Avg Prop Armor Cover (%) 11 | . . 11 . . . Naked Turns . | . . . . . . Heaviest Build 28 | 14 19 27 28 27 20 Greatest Support 23 | 20 20 23 23 20 10 Greatest Overweight (x) 2 | . . 2 2 1 1 Average Overweight (x) . | . . 1 1 1 1 Largest Inventory Capacity 10 | 8 10 10 10 10 10 Average Capacity 9 | 7 8 10 10 10 10 Most Carried 10 | 6 10 10 10 9 9 Average Carried 7 | 3 7 9 8 7 8 Final Capacity 10 | 8 10 10 10 10 10 Final Carried 10 | 6 10 10 6 9 8 Class Distribution -------------------- 57% | Gladiator 28% | Mutant 13% | Scavenger-Gladiator Dominant Class ---------------- Mutant | -10/Materials Gladiator | -9/Materials Gladiator | -9/Mines Gladiator | -9/Exiles Gladiator | -8/Mines Resources | -11 -10 -9 -9 -9 -8 ----------- Run | Yrd Mat Mat Min Exi Min Matter Collected 861 | 383 155 200 123 . . Remotely . | . . . . . . Salvage Created 1386 | 215 215 519 373 . 64 Parts 104 | 22 16 28 35 . 3 Haulers Intercepted 1 | . . 1 . . . Recyclers Shooed . | . . . . . . Parts Field Recycled . | . . . . . . Retrieved Matter . | . . . . . . Parts Self-Destructed . | . . . . . . Prevented . | . . . . . . Parts Restored . | . . . . . . Kills | -11 -10 -9 -9 -9 -8 ------- Run | Yrd Mat Mat Min Exi Min Combat Hostiles Destroyed 36 | . 7 8 19 . 2 Melee 17 | . . 8 9 . . Guns 12 | . 7 . 3 . 2 AOE 7 | . . . 7 . . Classes Destroyed 10 | 2 3 3 1 . 1 Builder 1 | . 1 . . . . Tunneler 7 | 7 . . . . . Hauler 1 | . . 1 . . . Recycler 3 | 1 . 2 . . . Swarmer 13 | . 3 . 10 . . Grunt 16 | . 4 5 6 . 1 Brawler 1 | . . . . . 1 Duelist 2 | . . 2 . . . Sentry 1 | . . 1 . . . Assembled 3 | . . . 3 . . Best Kill Streak 6 | 2 6 2 4 . 2 Combat Bots Only 6 | . 6 2 4 . 2 Max Kills in Single Turn 3 | 1 1 1 3 . 1 Gunslinging . | . . . . . . Exploded 3 | . . . 3 . . Melee 1 | . . 1 1 . . Uniques/NPCs Destroyed . | . . . . . . Combat | -11 -10 -9 -9 -9 -8 -------- Run | Yrd Mat Mat Min Exi Min Hostile Shots Fired 195 | . 40 32 93 . 30 Missed 51 | . 16 8 24 . 3 Hits 144 | . 24 24 69 . 27 Melee 7 | . . 5 . . 2 Projectile 137 | . 24 19 69 . 25 Critical Strikes 8 | . . 5 1 . 2 Damage Taken 1778 | . 229 413 705 . 431 Core 427 | . 18 125 193 . 91 Absorbed by Shields . | . . . . . . Core Remaining (%) 96 | 100 92 . . . . Volleys Fired 78 | 25 32 . 11 . 10 Largest 2 | 2 2 . 1 . 1 Hottest 65 | 40 40 . 65 . 65 Shots Fired 135 | 50 64 . 11 . 10 Gun 128 | 50 64 . 4 . 10 Cannon . | . . . . . . Launcher 7 | . . . 7 . . Special . | . . . . . . Kinetic 114 | 50 64 . . . . Thermal 14 | . . . 4 . 10 Explosive 7 | . . . 7 . . Electromagnetic . | . . . . . . Robot Hit Streak 6 | 5 5 . 5 . 6 Robot Miss Streak 8 | 2 6 . 8 . 4 Penetration Max . | . . . . . . Secondary Targets 1 | . 1 . . . . Max Gunslinging Chain 1 | . 1 . . . . Shots Hit Robots 110 | 27 31 20 22 . 10 Core Hits 76 | 12 12 12 23 . 17 Critical Kills 1 | . 1 . . . . Critical Parts Destroyed 1 | . 1 . . . . Critical Strikes 6 | . 2 2 2 . . Destroy 2 | . 2 . . . . Sever 4 | . . 2 2 . . Melee Attacks 65 | . . 30 33 . 2 Impact . | . . . . . . Slashing 65 | . . 30 33 . 2 Piercing . | . . . . . . Sneak Attacks 6 | . . 5 1 . . Combat Hostiles . | . . . . . . Follow-up Attacks 12 | . . 4 8 . . Damage Inflicted 2687 | 300 365 763 1109 . 150 Guns 848 | 300 365 . 33 . 150 Cannons . | . . . . . . Explosions 412 | . . . 412 . . Melee 1427 | . . 763 664 . . Ramming . | . . . . . . Kinetic 665 | 300 365 . . . . Thermal 183 | . . . 33 . 150 Explosive 412 | . . . 412 . . Electromagnetic . | . . . . . . Impact . | . . . . . . Slashing 1427 | . . 763 664 . . Piercing . | . . . . . . Highest Corruption 4 | . . . . . 4 Average Corruption 4 | . . . . . 4 Corruption Purged . | . . . . . . Corruption Blocked . | . . . . . . Effects 1 | . . . . . 1 Matter Fused 1 | . . . . . 1 Overload Shots . | . . . . . . Overflow Damage 137 | . . 69 68 . . Projectiles . | . . . . . . Explosions 45 | . . . 45 . . Melee 92 | . . 69 23 . . Knockbacks . | . . . . . . Impact . | . . . . . . Kinetic . | . . . . . . Secondary . | . . . . . . Self-Inflicted Damage 65 | . . . 65 . . Shots 2 | . . . 2 . . Rammed . | . . . . . . Targets Rammed . | . . . . . . Kicked . | . . . . . . Crushed . | . . . . . . Highest Temperature 209 | . 6 7 80 . 209 Average Temperature 86 | . 6 7 40 . 140 Received Heat Transfer 543 | . 72 114 114 . 243 Siege Activations . | . . . . . . Martial Activations . | . . . . . . Shielding Activations . | . . . . . . Robots Disrupted . | . . . . . . Combat Hostiles . | . . . . . . Robots Corrupted . | . . . . . . Combat Hostiles . | . . . . . . Parts Fried . | . . . . . . Impact Corruptions . | . . . . . . Robots Melted . | . . . . . . Combat Hostiles . | . . . . . . Parts Melted . | . . . . . . Heat Transferred 220 | . . . 40 . 180 Parts Sabotaged . | . . . . . . Parts Stolen . | . . . . . . Parts Stripped . | . . . . . . Power Chain Reactions . | . . . . . . Alert | -11 -10 -9 -9 -9 -8 ------- Run | Yrd Mat Mat Min Exi Min Maximum Alert Level . | . . . . . . Low Security (%) 100 | 100 100 100 100 . 100 Level 1 . | . . . . . . Level 2 . | . . . . . . Level 3 . | . . . . . . Level 4 . | . . . . . . Level 5 . | . . . . . . High Security . | . . . . . . Max Security . | . . . . . . Peak Influence 144 | 10 130 66 144 . 20 Initial 46 | . . 46 9 . . Average 32 | 1 24 22 60 . 9 Influence Increases 954 | 40 186 249 429 . 50 Destroy 0b10 Robot/C 660 | . 140 160 320 . 40 Destroy 0b10 Robot/NC 60 | 40 5 15 . . . Destroy Leader 132 | . 40 32 50 . 10 Successful Hack 12 | . . 12 . . . Destroy Structure 60 | . 1 . 59 . . Lose Combat Pursuer 30 | . . 30 . . . Influence Decreases 934 | 40 76 335 334 119 30 Entered New Map 198 | . . 64 15 119 . Time Decay 660 | 40 76 255 289 . . Lost Part 76 | . . 16 30 . 30 Squads Dispatched 4 | . 4 . . . . Investigation 1 | . 1 . . . . Extermination . | . . . . . . Reinforcement 3 | . 3 . . . . Assault . | . . . . . . Garrison . | . . . . . . Intercept . | . . . . . . Searches Triggered . | . . . . . . Construction Impeded . | . . . . . . Haulers Reinforced . | . . . . . . Active Scanning Responses . | . . . . . . Cargo Convoy Interrupts . | . . . . . . Stealth | -11 -10 -9 -9 -9 -8 --------- Run | Yrd Mat Mat Min Exi Min Distress Signals . | . . . . . . Communications Jammed . | . . . . . . Distress Signals . | . . . . . . Times Spotted 54 | . 15 17 19 . 3 Peak Tracking Total 4 | . 4 3 4 . 3 Tactical Retreats 2 | . . 2 . . . Traps | -11 -10 -9 -9 -9 -8 ------- Run | Yrd Mat Mat Min Exi Min Traps Triggered 1 | . 1 . . . . Indirectly . | . . . . . . Trap Hack Attempts . | . . . . . . Triggered . | . . . . . . Disarmed . | . . . . . . Reprogrammed . | . . . . . . Reused . | . . . . . . Traps Extracted . | . . . . . . Installed . | . . . . . . Triggered . | . . . . . . Machines | -11 -10 -9 -9 -9 -8 ---------- Run | Yrd Mat Mat Min Exi Min Machines Disabled . | . . . . . . Max in Single Turn . | . . . . . . Machines Repaired . | . . . . . . Machines Dismantled . | . . . . . . Machines Sabotaged . | . . . . . . Overloaded Fab Kills . | . . . . . . Hacking | -11 -10 -9 -9 -9 -8 --------- Run | Yrd Mat Mat Min Exi Min Machines Accessed 5 | . 1 3 . 1 . Terminals 4 | . 1 3 . . . Fabricators . | . . . . . . Repair Stations . | . . . . . . Recycling Units . | . . . . . . Scanalyzers . | . . . . . . Garrison Access . | . . . . . . Total Hacks 15 | . 3 11 . 1 . Successful 4 | . . 3 . 1 . Failed 11 | . 3 8 . . . Catastrophic 2 | . . 2 . . . Database Lockouts . | . . . . . . Manual 11 | . 3 7 . 1 . Terminals 14 | . 3 11 . . . Fabricators . | . . . . . . Repair Stations . | . . . . . . Recycling Units . | . . . . . . Scanalyzers . | . . . . . . Garrison Access . | . . . . . . Terminal Hacks 4 | . . 3 . 1 . Part Schematic 1 | . . 1 . . . Robot Schematic 1 | . . 1 . . . Zone Layout 1 | . . 1 . . . Proto ID Catalog 1 | . . . . 1 . Fabricator Hacks . | . . . . . . Repair Station Hacks . | . . . . . . Recycling Unit Hacks . | . . . . . . Scanalyzer . | . . . . . . Garrison Access Hacks . | . . . . . . Unauthorized Hacks . | . . . . . . Terminals . | . . . . . . Fabricators . | . . . . . . Repair Stations . | . . . . . . Recycling Units . | . . . . . . Scanalyzers . | . . . . . . Garrison Access . | . . . . . . Data Cores Recovered . | . . . . . . Used . | . . . . . . Hacking Detections 4 | . 1 3 . . . Full Trace Events . | . . . . . . Feedback Events . | . . . . . . Feedback Blocked . | . . . . . . Robot Schematics Acquired 1 | . . 1 . . . Robots Built . | . . . . . . Authchips . | . . . . . . Time . | . . . . . . Total Robot Build Rating . | . . . . . . Part Schematics Acquired 1 | . . 1 . . . Parts Built . | . . . . . . Authchips . | . . . . . . Time . | . . . . . . Total Part Build Rating . | . . . . . . Part Studies Acquired . | . . . . . . Parts Repaired . | . . . . . . Time . | . . . . . . Parts Recycled . | . . . . . . Recycled Matter . | . . . . . . Retrieved Matter . | . . . . . . Retrieved Components . | . . . . . . Parts Scanalyzed . | . . . . . . Part Schematics Acquired . | . . . . . . Parts Damaged . | . . . . . . Bothacking | -11 -10 -9 -9 -9 -8 ------------ Run | Yrd Mat Mat Min Exi Min Used RIF Installer . | . . . . . . Robots Hacked . | . . . . . . Non-combat . | . . . . . . Combat . | . . . . . . Robot Hacks Applied . | . . . . . . Relay Couplers Released . | . . . . . . Fabnet Peak Effective % . | . . . . . . Robots Rewired . | . . . . . . Allies Hacked . | . . . . . . Hacks Repelled . | . . . . . . Allies | -11 -10 -9 -9 -9 -8 -------- Run | Yrd Mat Mat Min Exi Min Total Allies . | . . . . . . Largest Group . | . . . . . . Highest-Rated Group . | . . . . . . Highest-Rated Ally . | . . . . . . Total Orders . | . . . . . . Ally Attacks . | . . . . . . Total Damage . | . . . . . . Kills . | . . . . . . Allies Corrupted . | . . . . . . Allies Melted . | . . . . . . Intel | -11 -10 -9 -9 -9 -8 ------- Run | Yrd Mat Mat Min Exi Min Active Infowar (turns) 796 | 225 365 70 136 . . Seismic 796 | 225 365 70 136 . . Robot Analysis Total . | . . . . . . Derelict Logs Recovered 1 | . . . 1 . . Drone Launches . | . . . . . . Drone Recoveries . | . . . . . . Exploration | -11 -10 -9 -9 -9 -8 ------------- Run | Yrd Mat Mat Min Exi Min Turns Passed 2527 | 312 365 665 696 461 28 Spaces Moved 1254 | 191 216 292 313 241 1 Core 10 | 10 . . . . . Treads . | . . . . . . Legs 1244 | 181 216 292 313 241 1 Wheels . | . . . . . . Hover . | . . . . . . Flight . | . . . . . . Fastest Speed 50 | 50 120 120 190 190 190 Average Speed 166 | 116 120 190 190 190 190 Slowest Speed 260 | 120 120 260 260 190 190 Overloaded Moves . | . . . . . . Propulsion Burnouts . | . . . . . . Robots Hopped . | . . . . . . Potential Cave-ins . | . . . . . . Cave-ins Triggered . | . . . . . . Exploration Rate (%) 29 | 9 31 27 43 63 5 Regions Visited 5 Branch Regions 3 Pre-discovered Areas 1 | . . . 1 . . Known Exits Taken . | . . . . . . Unknown Exits Taken 5 | 1 1 1 1 1 . Scrap Searched . | . . . . . . Spaces Dug . | . . . . . . Terrain Destroyed 72 | . . . 72 . . Melee . | . . . . . . Projectile . | . . . . . . AOE 72 | . . . 72 . . Terrain Rammed . | . . . . . . Walls Destroyed . | . . . . . . Machines Disabled . | . . . . . . Actions | -11 -10 -9 -9 -9 -8 --------- Run | Yrd Mat Mat Min Exi Min Total 1490 | 231 265 372 364 244 14 Wait 33 | . 10 20 3 . . Move 1249 | 190 215 291 312 240 1 Hop . | . . . . . . Pick Up 20 | 5 3 8 1 3 . Fast Attach 16 | 7 . 9 . . . Attach 4 | . . . 3 . 1 Detach . | . . . . . . Swap 24 | 3 3 11 6 1 . Drop 22 | 1 2 14 5 . . Fire 78 | 25 32 . 11 . 10 Melee 44 | . . 19 23 . 2 Ram . | . . . . . . Kick . | . . . . . . Crush . | . . . . . . Escape Stasis . | . . . . . . Rewire . | . . . . . . Trap . | . . . . . . Miscellaneous . | . . . . . . Route ------- -11/Scrapyard -10/Materials -9/Materials -9/Mines (discovered 2 exits: [*Mat] / *Exi) -9/Exiles -8/Mines History --------- Turn | Location | Event 4 | -11/Scrapyard | Discovered new exit (range 14) 313 | -11/Scrapyard | Entered Materials 314 | -10/Materials | Build established: Mutant 660 | -10/Materials | Discovered new exit (range 5) 678 | -10/Materials | Entered another Materials area 678 | -9/Materials | Evolved 2 slots: Utility x1, Weapon x1 1031 | -9/Materials | Build established: Gladiator 1261 | -9/Materials | Discovered new exit (range 14) 1343 | -9/Materials | Entered Mines 1376 | -9/Mines | Core integrity fell below 50% 1399 | -9/Mines | Met a Derelict bent on vengeance 1426 | -9/Mines | Assembled infested the area 1654 | -9/Mines | Received a Rocket Launcher from a helpful Derelict 1982 | -9/Mines | Learned location of Storage (-7) 1997 | -9/Mines | Discovered new exit (range 10) 2030 | -9/Mines | Deemed a non-threat by the Exiles lab entrance 2032 | -9/Mines | Discovered new exit (range 5) 2039 | -9/Mines | Entered Exiles 2087 | -9/Exiles | Met 8R-AWN 2119 | -9/Exiles | Met EX-HEX 2183 | -9/Exiles | Met EX-BIN 2210 | -9/Exiles | Aligned with FarCom system 2212 | -9/Exiles | Given EX-Vault access code 2256 | -9/Exiles | Opened EX-Vault 2271 | -9/Exiles | Found 0b10 Alert Chip 2274 | -9/Exiles | Found Trap Reconfigurator 2311 | -9/Exiles | Warned to stay clear of 0b10 Research branches 2377 | -9/Exiles | Met EX-DEC 2485 | -9/Exiles | Discovered new exit (range 10) 2500 | -9/Exiles | Stole two prototypes: 0b10 Alert Chip, Trap Reconfigurator 2500 | -9/Exiles | Entered Mines 2502 | -8/Mines | Core integrity fell below 20% 2528 | -8/Mines | Destroyed by G-47 Trooper with Particle Gun Last Messages --------------- 02442_ Acquired Hcp. Storage Unit. 02485_ EXIT=FOUND LOCATION=UNKNOWN GOAL=ESCAPE 02500_ Receiving FarCom transmissions... 02501_ C-30 ARC bursts open, deploying its payload. 02501_ B-36 Bruiser unfolds itself. 02501_ G-47 Trooper unfolds itself. 02502_ Critical hit (Smash). 02502_ Axe destroyed. 02502_ System corrupted by crushing effect (+4). 02504_ Aluminum Leg destroyed. 02504_ Critical hit (Burn: +37). 02505_ Knocked back. 02508_ B-36 Bruiser destroyed. 02508_ Spread Laser destroyed. 02517_ System corrupted: Matter fused (-7). 02518_ Aluminum Leg destroyed. 02518_ Nuclear Core destroyed. 02525_ G-47 Trooper destroyed. Map ----- +----------------------------------------------------+ | ?????????????????????????????????????????????????? | | ?????????????????????????????????????????????????? | | ?????????????????????????????????????????????????? | | ?????????????????????????????????????????????????? | | ?????????????????????????????????????????????????? | | ?????????????????????????????????????????????????? | | ?????????????????????????????????????????????????? | | ?????????????????????????????????????????????????? | | ?????????????????????????????????????????????????? | | ?????????????????????????????????????????????????? | | ?????????????????????????????????????????????????? | | ?????????????????????????????????????????????????? | | ?????????????????????????????????????????????????? | | ?????????????????????????????????????????????????? | | ?????????????????????????????????????????????????? | | ?????????????????????????????????????????????????? | | ?????????????????????????????????????????????????? | | ????????????????????????????????????##???????????? | | ????????????????????????????????#?? ##??????????? | | ??????????????????????????????? ## #??????????? | | ?????????????????????????????? ??????????? | | ????????????????????????????? #?????????? | | ???????????????????????####?# #??????????? | | ??????????????????????## ## #?????????????? | | ??????????????????????# %%g #?????????????? | | ??????????????????????# @[ #????????????????? | | ??????????????????????## % #????????????????? | | ???????????????????????##/ ##????????????????? | | ????????????????????????# ##?????????????????? | | ???????????????????????? #??????????????????? | | ????????????????????????### #??????????????????? | | ???????????????????????????####??????????????????? | | ?????????????????????????????????????????????????? | | ?????????????????????????????????????????????????? | | ?????????????????????????????????????????????????? | | ?????????????????????????????????????????????????? | | ?????????????????????????????????????????????????? | | ?????????????????????????????????????????????????? | | ?????????????????????????????????????????????????? | | ?????????????????????????????????????????????????? | | ?????????????????????????????????????????????????? | | ?????????????????????????????????????????????????? | | ?????????????????????????????????????????????????? | | | | | | | | | | | | | | | +----------------------------------------------------+ Best States ------------- Heat Dissipation 28 Energy Generation 14 Energy Capacity 280 Matter Stores 300 Matter Capacity 300 Sight Range 16 Terrain Scan Density 10 Evasion (%) 55 Melee Accuracy 10 Item Schematics ----------------- Hcp. Storage Unit | -9/Materials | Hacked Robot Schematics ------------------ M-13 Machinist | -9/Materials | Hacked Fabricated ------------ Nothing Repaired ---------- Nothing Studied --------- None Alien Tech Used ----------------- None Achievements -------------- None Challenges ------------ None Game ------ Seed HybridCorruptionSpecial Manual? 0 Play Time 00:11:15 Cumulative 268.0 hours Start 2025.11.07 @ 17:04:17 End 2025.11.07 @ 17:15:29 Sessions 1 Manual Loads 0 Difficulty Rogue Special Mode None Game No. 588 Rogue 588 Adventurer 0 Explorer 0 Win Type - Total 19 Types 13/0/4/1/1/0/0/0/0/0 Lore% 80 Gallery% 71 Achievement% 48 Wizard Run 0 Options --------- Layout 0 ASCII 0 Keyboard 0 Movement Numpad Keybinds 0 Fullscreen 2 Font 18/Terminus Map View 76x50 Zoom Use 0% Tactical HUD 1 Map Filters NONE Filters SATURATION(100) Steam 1 RUN: 387841b0-65fb-4bc3-8e2b-a3dfb0d12f6f